 Dungeon Crawl Stone Soup version 0.25-a0-185-g6cfeca75b2 (webtiles) character file.

Game seed: 1978269488240899002, levelgen mode: deterministic

52309 Bellepoche the Markscentaur (level 14, -11/117 (118) HPs)
             Began as a Centaur Hunter on Nov 27, 2019.
             Was the Champion of Okawaru.
             Mangled by a juggernaut zombie (43 damage)
             ... on level 15 of the Dungeon.
             The game lasted 00:58:03 (23987 turns).

Bellepoche the Markscentaur (Centaur Hunter)       Turns: 23987, Time: 00:58:04

HP:   -11/117 (118) AC: 34    Str: 18    XL:     14   Next: 26%
MP:   19/20         EV:  6    Int: 10    God:    Okawaru [******]
Gold: 930           SH:  0    Dex: 12    Spells: 13/13 levels left

rFire    + . .     SeeInvis .   a - +6 longbow (freeze)
rCold    . . .     Gourm    .   (shield currently unavailable)
rNeg     . . .     Faith    .   K - +3 chain mail {rF+}
rPois    .         Spirit   .   y - +2 hat {MR+}
rElec    .         Reflect  .   v - +0 cloak
rCorr    .         Harm     .   g - +0 pair of gloves
MR       ++...                  E - +0 centaur barding
Stlth    ..........             Y - amulet of the acrobat
HPRegen  0.29/turn              i - +2 ring of protection
MPRegen  0.17/turn              X - +5 ring of protection

@: heroism, very quick
A: large, hooves 3, deformed body, speed 2, tough skin 3
a: Heroism, Finesse, Renounce Religion


You were on level 15 of the Dungeon.
You worshipped Okawaru.
Okawaru was exalted by your worship.
You were not hungry.

You visited 2 branches of the dungeon, and saw 16 of its levels.
You also visited: Sewer and Ossuary.

You collected 930 gold pieces.

Inventory:

Hand Weapons
 a - a +6 longbow of freezing (weapon)
 b - the +11 war axe "Giantbane" {vamp, +Rage rF+ rC+ Stlth+}
   (You found it on level 9 of the Dungeon)

   It inflicts no extra harm, but heals its wielder when it wounds a living foe.
   It protects you from fire.
   It protects you from cold.
   It lets you go berserk.
   It makes you more stealthy.
 c - a +6 hand axe of flaming
 o - a +5 trident
Missiles
 d - 455 arrows (quivered)
 M - 4 javelins
 P - 4 throwing nets
 Z - 5 curare-tipped darts
Armour
 g - a +0 pair of gloves (worn)
 k - a +0 chain mail of positive energy
 v - a +0 cloak (worn)
 y - a +2 hat of magic resistance (worn)
 E - a +0 centaur barding (worn)
 K - a +3 chain mail of fire resistance (worn)
Jewellery
 i - a +2 ring of protection (left hand)
 O - the ring "Urina" {rC+ Str-2}
   (You found it on level 7 of the Dungeon)

   [ring of strength]

   It affects your strength (-2).
   It protects you from cold.
 X - a +5 ring of protection (right hand)
 Y - an amulet of the acrobat (around neck)
Wands
 r - a wand of scattershot (3)
 F - a wand of digging (2)
 T - a wand of acid (3)
 U - a wand of enslavement (5)
 W - a wand of paralysis (8)
Scrolls
 e - a scroll of identify
 j - 3 scrolls of noise
 l - 7 scrolls of remove curse
 p - 12 scrolls of teleportation
 q - 4 scrolls of enchant armour
 t - 4 scrolls of blinking
 u - 4 scrolls of magic mapping
 x - 5 scrolls of fear
 I - a scroll of summoning {unknown}
 L - 2 scrolls of fog {unknown}
 Q - 6 scrolls of immolation {unknown}
 R - 2 scrolls of enchant weapon {unknown}
 S - 3 scrolls of amnesia {unknown}
Potions
 h - a potion of lignification
 n - 3 potions of heal wounds
 s - 5 potions of magic
 w - 4 potions of brilliance
 z - 11 potions of curing
 A - 3 potions of flight
 B - 6 potions of agility
 C - 2 potions of haste
 D - 3 potions of might
 H - 2 potions of mutation {unknown}
 J - 2 potions of resistance {unknown}
 N - 4 potions of invisibility
Miscellaneous
 V - a lightning rod (4/4)
Comestibles
 f - 29 rations


   Skills:
 + Level 9.5(14.5) Fighting
 + Level 9.7(15.4) Axes
 - Level 6.1(13.8) Polearms
 * Level 16.7(21.7) Bows
 + Level 0.3(5.3) Throwing
 * Level 9.8(14.8) Armour
 - Level 1.3(6.3) Dodging
 - Level 1.0(6.0) Stealth
 - Level 8.0 Invocations
 - Level 4.0 Evocations


You had 13 spell levels left.
You didn't know any spells.
Your spell library contained the following spells:

 Spells                   Type           Power        Failure   Level  Hunger
 Corona                   Hex            #......      94%         1    ##.....
 Slow                     Hex            #.......     98%         2    ###....
 Inner Flame              Hex/Fire       #.......     100%        3    ####...
 Portal Projectile        Hex/Tloc       #.....       100%        3    ####...
 Cause Fear               Hex            #.........   100%        4    #####..
 Leda's Liquefaction      Hex/Erth       #.........   100%        4    #####..


Dungeon Overview and Level Annotations

Branches:
Dungeon (15/15)            Temple (1/1) D:7            Lair (0/6) D:9
    Orc (0/2) D:9          Vaults (0/5) D:14         Depths (0/5) D:15
  Sewer (visited)         Ossuary (visited)

Altars:
Ashenzari
Cheibriados
Dithmenos
Elyvilon
Fedhas
Gozag
Hepliaklqana
Kikubaaqudgha
Makhleb
Nemelex Xobeh
Okawaru
Qazlal
Ru
Sif Muna
Trog
Uskayaw
Vehumet
Wu Jian
Xom
Yredelemnul
The Shining One

Annotations:
D:1 exclusion: downstairs
D:2 exclusion: downstairs
D:3 exclusion: downstairs, Grinder
D:8 exclusion: downstairs
D:11 exclusions: downstairs and 1 more exclusion
D:14 exclusion: 2 downstairs


Innate Abilities, Weirdness & Mutations

You have hooves in place of feet.
Armour fits poorly on your strangely shaped body.
You cover ground very quickly.
You have extremely tough skin. (AC +3)


Message History

Firing (i - inventory. (/) - cycle)
d - 458 arrows (quivered)
Press: ? - help, Shift-Dir - straight line, f/p - juggernaut zombie
Aim: a juggernaut zombie (heavily damaged)
You shoot an arrow. The arrow hits the juggernaut zombie!
The juggernaut zombie is severely damaged.
Your hands slow down.
Firing (i - inventory. (/) - cycle)
d - 457 arrows (quivered)
Press: ? - help, Shift-Dir - straight line, f/p - juggernaut zombie
Aim: a juggernaut zombie (severely damaged)
You shoot an arrow. The arrow hits the juggernaut zombie.
The juggernaut zombie is severely damaged.
There is a stone staircase leading up here.
Firing (i - inventory. (/) - cycle)
d - 456 arrows (quivered)
Press: ? - help, Shift-Dir - straight line, f/p - juggernaut zombie
Aim: a juggernaut zombie (severely damaged)
You shoot an arrow.
The arrow hits the juggernaut zombie but does no damage.
The juggernaut zombie is severely damaged.
The juggernaut zombie hits you!!!
You die...

#### ...# ######
...# #....# ...#
#.=..#
...###########....#
##................#
.#................#
.#................#
.#..............@.#
'#..............Z.#
................(.#
####..............#
...#...........####
...'...........#
...#...........#
...#...........#
...#.###'##....#


You could see a juggernaut zombie.

Vanquished Creatures
  Frances (D:13)
  An ironheart preserver (D:14)
  Josephine (D:12)
  Harold (D:10)
  2 hydras (D:14)
  A death knight (D:11)
  2 centaur warriors
  A tengu warrior (D:14)
  4 two-headed ogres
  A vampire mage (D:15)
  Sonja (D:11)
  6 skeletal warriors
  7 unseen horrors
  A necromancer (D:15)
  A deep elf mage (D:15)
  3 cyclopes
  A frost giant zombie (D:15)
  A stone giant zombie (D:15)
  9 ugly things
  2 manticores (D:11)
  Joseph (D:8)
  3 centaur skeletons
  A kobold demonologist (D:11)
  A redback zombie (D:14)
  An efreet (D:14)
  3 komodo dragons
  A freezing wraith (D:15)
  A spriggan skeleton (D:15)
  A guardian mummy (D:15)
  3 tengu conjurers
  7 trolls
  2 hornets (D:9)
  6 hippogriffs
  10 slime creatures
  A raiju (shapeshifter) (D:14)
  2 wyverns
  5 wraiths (D:12)
  2 water elementals (D:13)
  3 shadows
  3 basilisks
  23 yaks
  2 hungry ghosts
  8 vampire mosquitoes
  A water moccasin (D:7)
  3 soldier ants
  5 phantoms
  3 ice beasts
  A sky beast (D:14)
  An eye of draining (D:11)
  8 orc warriors
  4 ogres
  A black bear (D:11)
  2 necrophages
  12 centaurs
  A crocodile (D:11)
  15 bullfrogs
  2 gnoll sergeants
  3 water moccasin zombies (Ossuary)
  3 scorpions
  A wyvern skeleton (D:10)
  16 killer bees
  14 wights
  5 electric eels (D:13)
  4 howler monkeys
  5 crimson imps
  6 centaur zombies
  2 bullfrog zombies
  7 orc priests
  Crazy Yiuf (D:4)
  6 hounds
  3 jellies
  19 orc wizards
  3 bullfrog skeletons
  3 iguanas
  14 worker ants
  3 big kobold zombies (Ossuary)
  2 mummies (Ossuary)
  Robin (D:3)
  A worker ant zombie (D:7)
  11 gnolls
  A howler monkey skeleton (D:7)
  17 adders
  5 river rats
  A hound simulacrum (D:11)
  2 shadow imps (D:7)
  5 oozes
  2 adder zombies (Ossuary)
  5 dart slugs
  A worm (D:6)
  5 leopard geckos
  55 orcs
  10 bats
  4 giant cockroaches
  A gnoll zombie (Ossuary)
  13 goblins
  10 hobgoblins
  6 jackals
  6 kobolds
  6 quokkas
  15 ball pythons
  6 frilled lizards
  A hobgoblin zombie (Ossuary)
  6 kobold zombies (Ossuary)
  A leopard gecko zombie (D:7)
  6 orc zombies (Ossuary)
  A quokka zombie (D:8)
  29 rats
549 creatures vanquished.

Vanquished Creatures (others)
  A wizard (D:11)
  An orc (D:13)
  A withered plant (D:15)
3 creatures vanquished.

Grand Total: 552 creatures vanquished

Notes
Turn   | Place    | Note
-------+----------+-------------------------------------------
     0 | D:1      | Bellepoche the Centaur Hunter began the quest for the Orb.
     0 | D:1      | Reached XP level 1. HP: 17/17 MP: 1/1
    64 | D:1      | Reached XP level 2. HP: 20/24 MP: 2/2
   229 | D:1      | Reached skill level 6 in Bows
   487 | D:1      | Reached XP level 3. HP: 29/29 MP: 3/3
  1484 | D:2      | Reached skill level 1 in Armour
  1596 | D:2      | Reached XP level 4. HP: 37/37 MP: 4/4
  1956 | D:2      | Found a hazy altar of Hepliaklqana.
  1957 | D:2      | Found a shimmering altar of Xom.
  1958 | D:2      | Noticed a spectral ugly thing
  2140 | D:3      | Noticed Grinder
  2536 | D:3      | HP: 1/37 [kobold (3)]
  3078 | D:3      | Noticed Robin
  3106 | D:3      | Reached XP level 5. HP: 24/42 MP: 5/5
  3276 | D:3      | Killed Robin
  3434 | D:3      | Found a runed translucent door.
  3435 | D:3      | Noticed Crazy Yiuf
  3549 | D:4      | Noticed a phantom
  3571 | D:4      | Reached skill level 1 in Stealth
  3585 | D:4      | Found a sand-covered staircase.
  3590 | Ossuary  | Entered an ossuary
  3740 | Ossuary  | Reached skill level 7 in Bows
  3932 | Ossuary  | Reached XP level 6. HP: 49/50 MP: 6/6
  3953 | Ossuary  | Reached skill level 1 in Polearms
  4688 | D:4      | Reached XP level 7. HP: 57/57 MP: 7/7
  4819 | D:4      | Found a sacrificial altar of Ru.
  4897 | D:4      | Killed Crazy Yiuf
  5003 | D:4      | Reached skill level 8 in Bows
  5482 | D:5      | Entered Level 5 of the Dungeon
  6106 | D:6      | Found a blossoming altar of Fedhas.
  6251 | D:6      | Reached skill level 9 in Bows
  6251 | D:6      | Reached XP level 8. HP: 59/63 MP: 8/8
  6613 | D:6      | Reached skill level 10 in Bows
  6834 | D:6      | Found a glowing drain.
  6838 | Sewer    | Entered a sewer
  8435 | D:7      | Reached XP level 9. HP: 72/72 MP: 9/9
  8451 | D:7      | Reached skill level 11 in Bows
  8593 | D:7      | Got a shimmering silver ring
  8594 | D:7      | Identified the cursed ring "Urina" {rC+ Str-2} (You found
                  | it on level 7 of the Dungeon)
  9249 | D:7      | Found a staircase to the Ecumenical Temple.
  9273 | Temple   | Entered the Ecumenical Temple
  9279 | Temple   | Became a worshipper of Warmaster Okawaru
  9345 | D:7      | Reached skill level 5 in Armour
  9649 | D:7      | Reached skill level 12 in Bows
  9730 | D:7      | Found a snail-covered altar of Cheibriados.
  9730 | D:7      | Found a basalt altar of Yredelemnul.
  9994 | D:8      | Reached skill level 5 in Fighting
 10024 | D:8      | Reached * piety under Okawaru
 10106 | D:8      | Noticed a two-headed ogre
 10131 | D:8      | Killed a two-headed ogre
 10138 | D:8      | Reached ** piety under Okawaru
 10187 | D:8      | Reached skill level 13 in Bows
 10212 | D:8      | Noticed Joseph
 10216 | D:8      | Noticed a two-headed ogre
 10242 | D:8      | Killed a two-headed ogre
 10242 | D:8      | Reached skill level 5 in Polearms
 10242 | D:8      | Reached XP level 10. HP: 45/83 MP: 7/10
 10258 | D:8      | Killed Joseph
 10764 | D:8      | Reached skill level 1 in Invocations
 10787 | D:8      | Noticed a cyan ugly thing
 10852 | D:8      | Killed a cyan ugly thing
 10852 | D:8      | Reached *** piety under Okawaru
 11789 | D:9      | Reached skill level 14 in Bows
 12283 | D:9      | Found a staircase to the Orcish Mines.
 12306 | D:9      | Found a staircase to the Lair.
 12427 | D:9      | Got an ancient war axe
 12428 | D:9      | Identified the +11 war axe "Giantbane" {vamp, +Rage rF+ rC+
                  | Stlth+} (You found it on level 9 of the Dungeon)
 12595 | D:9      | Reached **** piety under Okawaru
 12671 | D:9      | Paralysed by a hornet for 3 turns
 12686 | D:9      | Paralysed by a hornet for 2 turns
 12688 | D:9      | Reached skill level 1 in Axes
 12793 | D:9      | Received a gift from Okawaru
 12793 | D:9      | Reached XP level 11. HP: 89/89 MP: 13/13
 12891 | D:10     | Entered Level 10 of the Dungeon
 12907 | D:10     | Reached skill level 1 in Evocations
 13078 | D:10     | Reached ***** piety under Okawaru
 13577 | D:10     | Killed an unseen horror
 13770 | D:10     | Killed an unseen horror
 13781 | D:10     | Noticed Harold
 13801 | D:10     | Killed Harold
 13801 | D:10     | Received a gift from Okawaru
 14209 | D:11     | Noticed a green ugly thing
 14232 | D:11     | Killed a green ugly thing
 14237 | D:11     | Noticed Sonja
 14401 | D:11     | Killed Sonja
 14401 | D:11     | Received a gift from Okawaru
 14955 | D:11     | Noticed a wizard
 14955 | D:11     | Noticed a skeletal warrior
 14966 | D:11     | Killed a wizard
 14972 | D:11     | Received a gift from Okawaru
 15324 | D:11     | Noticed a death knight
 15339 | D:11     | HP: 4/91 [yak (5)]
 15692 | D:11     | Reached skill level 5 in Axes
 15860 | D:11     | HP: 4/91 [mirror damage (2)]
 15862 | D:11     | Killed a death knight
 15862 | D:11     | Reached XP level 12. HP: 5/99 MP: 15/15
 15911 | D:11     | Received a gift from Okawaru
 15911 | D:11     | Reached skill level 5 in Invocations
 17079 | D:11     | Received a gift from Okawaru
 17369 | D:12     | Reached skill level 15 in Bows
 17658 | D:12     | Noticed Josephine
 18137 | D:12     | Received a gift from Okawaru
 18224 | D:12     | Killed Josephine
 18293 | D:12     | Received a gift from Okawaru
 18470 | D:12     | Received a gift from Okawaru
 18994 | D:13     | Noticed a two-headed ogre
 18998 | D:13     | Noticed Frances
 19008 | D:13     | Killed a two-headed ogre
 19031 | D:13     | Killed Frances
 19031 | D:13     | Reached XP level 13. HP: 103/106 MP: 11/18
 19384 | D:13     | Reached ****** piety under Okawaru
 20596 | D:14     | Received a gift from Okawaru
 20803 | D:14     | Received a gift from Okawaru
 21158 | D:14     | Found a gate to the Vaults.
 21158 | D:14     | Noticed an ironheart preserver
 21179 | D:14     | Killed an ironheart preserver
 21579 | D:14     | Reached skill level 16 in Bows
 21589 | D:14     | Received a gift from Okawaru
 22396 | D:14     | Reached XP level 14. HP: 117/117 MP: 20/20
 22660 | D:15     | Entered Level 15 of the Dungeon
 23145 | D:15     | Found a glowing golden altar of the Shining One.
 23463 | D:15     | Found a staircase to the Depths.
 23509 | D:15     | Received a gift from Okawaru
 23987 | D:15     | Mangled by a juggernaut zombie

Levels and vault maps discovered:
D:1:      ncdulo_lavacross, layout_basic, st_stairs_3
D:2:      layout_basic, regret_index_temple_of_mockery
D:3:      layout_loops_cross, uniq_robin, uniq_crazy_yiuf_cottage, uniq_grinder
D:4:      layout_basic, lemuel_round_altar, enter_ossuary_2, first_ration,
          chequers_serial_rivers_micro_b
D:5:      layout_loops_ring
D:6:      layout_basic, fedhas_bush_and_centaur_altar, lightli_sewer_entry_pipes
D:7:      kennysheep_spiral_hall, layout_loops_ring,
          chequers_temple_overflow_statue_of_worship, minmay_temple_entry_tees
D:8:      layout_basic, uniq_joseph
D:9:      layout_cave_pods, david_lair_generic, orc_0_dummy,
          hangedman_pestilent_swarm
D:10:     layout_loops_ring, uniq_harold
D:11:     minmay_the_grid_triangle_9x9_recursive_2
          [minmay_the_grid_triangle_9x9_prize_top_heavy,
          minmay_the_grid_triangle_9x9_limited_checkers,
          minmay_the_grid_triangle_9x9_sprig,
          minmay_the_grid_triangle_9x9_from_above], layout_rooms,
          corexii_corridor_pit, minmay_misc_feat_more_columns,
          minmay_misc_feat_alley, uniq_sonja
D:12:     layout_irregular_city, uniq_josephine
D:13:     layout_basic, uniq_frances
D:14:     layout_stronghold, skrybe_vaults_entry_preservation,
          infiniplex_staircase_pillars_1
D:15:     gammafunk_depths_entry_grave, layout_irregular_city, moated_statue,
          basic_altar, minivault_27, minmay_misc_feat_ornament
Temple:   nicolae_temple_x_marks_the_god

Skill      XL: |  1  2  3  4  5  6  7  8  9 10 11 12 13 |
---------------+----------------------------------------+-----
Bows           | 6 7 9 10 13 14 15 16 | 16.7
Armour         | 1 2 3 4 5 6 7 8 9 |  9.8
Stealth        | 1 |  1.0
Polearms       | 2 3 4 5 6 |  6.1
Fighting       | 3 4 5 6 7 8 9 |  9.5
Invocations    | 2 4 6 8 |  8.0
Axes           | 1 5 7 9 |  9.7
Evocations     | 3 4 |  4.0
Throwing       | |  0.3
Dodging        | |  1.3

Action                   |  1- 3 |  4- 6 |  7- 9 | 10-12 | 13-15 || total
-------------------------+-------+-------+-------+-------+-------++-------
Melee: Short sword       |   157 |    83 |       |       |       ||   240
       Kick              |    31 |    53 |    81 |   169 |   103 ||   437
       Spear             |       |   156 |       |       |       ||   156
       Trident           |       |    24 |   384 |   169 |       ||   577
       War axe           |       |       |       |   573 |   336 ||   909
       Punch             |       |       |       |       |     1 ||     1
 Fire: Shortbow          |    13 |    87 |   423 |   235 |   124 ||   882
       Longbow           |       |       |       |       |   119 ||   119
Throw: Dart              |       |       |       |     5 |       ||     5
Invok: Heroism           |       |       |     1 |     7 |     5 ||    13
       Finesse           |       |       |       |     4 |     3 ||     7
Evoke: Wand              |       |       |       |     6 |     1 ||     7
  Use: Potion            |     2 |       |       |     1 |       ||     3
       Scroll            |       |       |    10 |     7 |     7 ||    24
 Stab: Distracted        |       |       |       |     1 |       ||     1
  Eat: Chunk             |     2 |     5 |    12 |    20 |    12 ||    51
       Ration            |       |     1 |     1 |     3 |     1 ||     6
Armor: Leather armour    |    55 |       |       |       |       ||    55
       Chain mail        |    33 |   192 |   341 |       |   273 ||   839
       Scale mail        |     4 |       |       |       |       ||     4
       Skin              |     2 |       |       |       |       ||     2
       Plate armour      |       |       |   200 |   884 |   108 ||  1192
Dodge: Dodged            |    92 |    55 |    86 |   100 |   112 ||   445

Table legend:
 A = Non-vault XP
 B = Vault XP
 C = Vault XP percentage of total XP
 D = Non-vault monster count
 E = Vault monster count
 F = Vault count percentage of total count
                 A         B        C        D         E       F
            +---------+---------+-------+---------+---------+-------
      Total |   54093 |   20635 |  27.6 |     403 |     146 |  26.6
            +---------+---------+-------+---------+---------+-------
        D:1 |      63 |       3 |   4.5 |      26 |       2 |   7.1
        D:2 |      87 |       0 |   0.0 |      23 |       0 |   0.0
        D:3 |      35 |      38 |  52.1 |       7 |      12 |  63.2
        D:4 |     286 |      41 |  12.5 |      15 |       1 |   6.2
        D:5 |     114 |       0 |   0.0 |       6 |       0 |   0.0
        D:6 |     846 |     188 |  18.2 |      19 |      10 |  34.5
        D:7 |    1507 |     184 |  10.9 |      34 |       4 |  10.5
        D:8 |    3980 |     654 |  14.1 |      39 |       2 |   4.9
        D:9 |    1065 |    1285 |  54.7 |      20 |       7 |  25.9
       D:10 |    4144 |    1044 |  20.1 |      39 |       1 |   2.5
       D:11 |    5911 |    3373 |  36.3 |      40 |      12 |  23.1
       D:12 |    8041 |    2207 |  21.5 |      42 |       6 |  12.5
       D:13 |    6651 |    2295 |  25.7 |      29 |       1 |   3.3
       D:14 |   16481 |    4542 |  21.6 |      48 |       9 |  15.8
       D:15 |    4882 |    4072 |  45.5 |      16 |       7 |  30.4
      Sewer |       0 |     340 | 100.0 |       0 |      48 | 100.0
    Ossuary |       0 |     369 | 100.0 |       0 |      24 | 100.0
            +---------+---------+-------+---------+---------+-------
